 Dungeon Sprint DCSS version 0.21.1-1-g345015f (webtiles) character file.

134 Psiloshibe the Protected (level 9, -8/118 HPs)
             Began as a Barachi Fighter on June 23, 2018.
             Was an Elder of Trog.
             Mangled by a merfolk
             ... wielding a +0 trident
              (25 damage)
             ... in the Dungeon (Sprint VI: "Thunderdome").
             The game lasted 00:05:13 (477 turns).

Psiloshibe the Protected (Barachi Fighter)           Turns: 477, Time: 00:05:14

Health: -8/118     AC: 10    Str: 33    XL:     9   Next: 41%
Magic:  10/10      EV: 12    Int: 12    God:    Trog [****..]
Gold:   175        SH: 13    Dex: 11    Spells: 8/8 levels left

rFire    + + .     SeeInvis +   a - +0 long sword
rCold    . . .     Gourm    .   c - +0 shield
rNeg     . . .     Faith    .   b - +0 scale mail
rPois    +         Spirit   .   (no helmet)
rElec    .         Reflect  .   (no cloak)
rCorr    .         Harm     +   (no gloves)
MR       ++...     NoTele   +   (no boots)
Stlth    ..........             v - amulet of the Dolphin {Harm *Drain +Inv rF++ SInv}
HPRegen  1.29/turn              s - ring of Abbana {AC+1 Int+2}
MPRegen  0.12/turn              t - ring "Ximank" {Wiz -Tele rPois Str+8}

@: berserking (expiring), regenerating, quick
A: +LOS, swims, slowness 1, strong legs 1
a: Hop, Berserk, Trog's Hand, Brothers in Arms, Burn Spellbooks, Renounce
Religion, Evoke Invisibility


You were in the Dungeon.
You worshipped Trog.
Trog was greatly pleased with you.
You were hungry.

You visited 1 branch You collected 400 gold pieces.
You spent 225 gold pieces at shops.

Inventory:

Hand Weapons
 a - a +0 long sword (weapon)
 e - a +2 whip of flaming
Missiles
 r - 3 tomahawks of returning (quivered)
Armour
 b - a +0 scale mail (worn)
 c - a +0 shield (worn)
 q - a +0 ring mail
Jewellery
 s - the ring of Abbana (left hand) {AC+1 Int+2}
   (You bought it in a shop in the Dungeon)

   [ring of protection]

   It affects your AC (+1).
   It affects your intelligence (+2).
 t - the ring "Ximank" (right hand) {Wiz -Tele rPois Str+8}
   (You bought it in a shop in the Dungeon)

   [ring of wizardry]

   It improves your spell success rate.
   It affects your strength (+8).
   It protects you from poison.
   It prevents most forms of teleportation.
 v - the amulet of the Dolphin (around neck) {Harm *Drain +Inv rF++ SInv}
   (You bought it in a shop in the Dungeon)

   [amulet of harm]

   It increases damage dealt and taken.
   It greatly protects you from fire.
   It lets you see invisible.
   It lets you turn invisible.
   It causes draining when unequipped.
Wands
 m - a wand of acid (2)
 n - a wand of iceblast (4)
Scrolls
 k - 4 scrolls of blinking
 o - 3 scrolls of fog
Potions
 d - a potion of might
 g - 2 potions of heal wounds
 h - 4 potions of haste
 i - 3 potions of magic
 j - a potion of berserk rage
 l - a potion of resistance
Comestibles
 f - a ration
 p - 8 chunks of flesh


   Skills:
 + Level 10.5 Fighting
 + Level 11.2 Long Blades
 * Level 9.5 Throwing
 + Level 11.5 Armour
 + Level 4.8 Dodging
 + Level 10.7 Shields
 + Level 2.4 Evocations


You had 8 spell levels left.
You didn't know any spells.

Dungeon Overview and Level Annotations

Branches:
Dungeon (1/1)

Altars:
Cheibriados
Dithmenos
Fedhas
Gozag
Kikubaaqudgha
Makhleb
Okawaru
Qazlal
Ru
Sif Muna
Trog
Uskayaw
Vehumet
Wu Jian
Xom
Yredelemnul
Zin
The Shining One
Beogh
Jiyva
Lugonu

Shops:
D *[%??*?*:[((!!!!


Innate Abilities, Weirdness & Mutations

Shadows flee at your approach. (+LOS)
You can swim through water.
You cover ground slowly.
You can hop short distances.


Message History

The merfolk siren closely misses you. You block the merfolk's attack.
You slash the merfolk!
You kill the merfolk!
Trog accepts your kill. Something appears at your feet!
Trog grants you ammunition!
Your Long Blades skill increases to level 11!
You block the merfolk siren's attack.
You closely miss the merfolk. The merfolk hits you with a trident.
* * * LOW HITPOINT WARNING * * *
You slash the merfolk!
The merfolk is moderately wounded.
You block the merfolk siren's attack.
You slash the merfolk!
The merfolk is heavily wounded.
You block the merfolk's attack.
You slash the merfolk!
The merfolk is almost dead.
You block the merfolk siren's attack. The merfolk hits you with a trident!!
You die...

#........_# ###.........###
#⌠........)..⌠#
######.8.........8.#####
##∩___.....÷###......___∩
###∩...((...8.# #.8........
##.....)..)....###..........
#⌠..........###...###.......
#⌠..".....)@# #.<.# #.......
#⌠........mm###...###.......
##........)....###..........
###∩........8.# #.8........
##∩___......###......__.∩
######[8....)÷...8.#####
#⌠...........⌠#
###.........### #_......._#


You could see a merfolk and a merfolk siren.

Vanquished Creatures
  Pikel (D)
  A merfolk siren (D)
  A merfolk (D)
  A wind drake (D)
  A hippogriff (D)
  Sigmund (D)
  An air elemental (D)
  A steam dragon (D)
  3 sky beasts (D)
  An ogre (D)
  A centaur (D)
  A big kobold (D)
  Terence (D)
  A worker ant (D)
  A ball python (D)
  A hobgoblin (D)
  A quokka (D)
  A goblin (D)
  A kobold (D)
21 creatures vanquished.

Notes
Turn   | Place    | Note
-------+----------+-------------------------------------------
     0 | D        | Psiloshibe the Barachi Fighter began the quest for the Orb.
     0 | D        | Reached XP level 1. HP: 18/18 MP: 1/1
     0 | D        | Found a blossoming altar of Fedhas.
     0 | D        | Found a glowing golden altar of the Shining One.
     3 | D        | Found a viscous altar of Jiyva.
     3 | D        | Found an iron altar of Okawaru.
     3 | D        | Found a radiant altar of Vehumet.
     3 | D        | Found an ornate altar of the Wu Jian Council.
     4 | D        | Found an opulent altar of Gozag.
     4 | D        | Found a deep blue altar of Sif Muna.
     5 | D        | Found Toishatt's Identification Station.
     5 | D        | Found a glowing silver altar of Zin.
     5 | D        | Found Wus Quz's Delicious Food.
     5 | D        | Found a corrupted altar of Lugonu.
     5 | D        | Round 1.
     6 | D        | Found Wioblik's Advanced Armour.
     6 | D        | Found Yjoodad's Jewellery.
     6 | D        | Found a snail-covered altar of Cheibriados.
     6 | D        | Found an ancient bone altar of Kikubaaqudgha.
     6 | D        | Found a shimmering altar of Xom.
     8 | D        | Noticed Terence
    19 | D        | Killed Terence
    19 | D        | Reached skill level 5 in Armour
    19 | D        | Reached XP level 2. HP: 22/26 MP: 2/2
    19 | D        | Reached XP level 3. HP: 27/32 MP: 3/3
    27 | D        | Bought a slimy copper amulet for 45 gold pieces
    27 | D        | Bought a twitching silver ring for 45 gold pieces
    27 | D        | Bought a glittering copper ring for 45 gold pieces
    27 | D        | Identified the amulet of Lady Luck {Inacc Dex+8} (You bought it in a shop in the Dungeon)
    29 | D        | Bought a faintly glowing brass amulet for 45 gold pieces
    29 | D        | Identified the amulet "Xeozom" {Inacc Str+4} (You bought it in a shop in the Dungeon)
    39 | D        | Reached skill level 5 in Fighting
    40 | D        | Identified the ring of Abbana {AC+1 Int+2} (You bought it in a shop in the Dungeon)
    41 | D        | Identified the ring "Ximank" {Wiz -Tele rPois Str+8} (You bought it in a shop in the Dungeon)
    47 | D        | Found a stormy altar of Qazlal.
    48 | D        | Found Xozom's Magic Scroll Shop.
    50 | D        | Found a shadowy altar of Dithmenos.
    50 | D        | Found a basalt altar of Yredelemnul.
    50 | D        | Found Xoloka's Staff Store.
    51 | D        | Found Nanafo's Magic Scroll Shop.
    51 | D        | Found Tusad's Must-Have Magic.
    52 | D        | Reached skill level 5 in Shields
    64 | D        | Found a roughly hewn altar of Beogh.
    65 | D        | Found a burning altar of Makhleb.
    66 | D        | Found a sacrificial altar of Ru.
    67 | D        | Found Masag's Distillery.
    68 | D        | Found Cijit's Distillery.
    68 | D        | Found Yvved's Bottled Wisdom.
    69 | D        | Found a bloodstained altar of Trog.
    69 | D        | Found a hide-covered altar of Uskayaw.
    69 | D        | Found Xolezoett's Do-It-Yourself Clinic.
    79 | D        | Found Ublelano's Basic Armour.
    82 | D        | Became a worshipper of Trog the Wrathful
    85 | D        | Found Qyowk's Weapon Rack.
    85 | D        | Found Uzemninero's Miscellaneous Merchandise.
    86 | D        | Found Lulet's Premium Goods.
    90 | D        | Noticed Sigmund
    92 | D        | Noticed an ogre
   105 | D        | Killed Sigmund
   105 | D        | Reached skill level 5 in Long Blades
   105 | D        | Reached skill level 1 in Dodging
   105 | D        | Reached XP level 4. HP: 30/41 MP: 4/4
   105 | D        | Reached XP level 5. HP: 35/47 MP: 5/5
   106 | D        | Killed an ogre
   106 | D        | Reached * piety under Trog
   106 | D        | Arena points: 14 (+14) [x2]
   106 | D        | Reached skill level 5 in Throwing
   106 | D        | Reached XP level 6. HP: 41/55 MP: 6/6
   132 | D        | Round 2.
   132 | D        | Noticed Pikel
   152 | D        | Killed Pikel
   152 | D        | Reached skill level 10 in Armour
   152 | D        | Reached skill level 1 in Evocations
   152 | D        | Reached XP level 7. HP: 24/64 MP: 6/8
   204 | D        | Reached ** piety under Trog
   253 | D        | Arena points: 50 (+36) [x3]
   268 | D        | Bought a sparkling jade amulet for 45 gold pieces
   268 | D        | Identified the amulet of the Dolphin {Harm *Drain +Inv rF++ SInv} (You bought it in a shop in the Dungeon)
   298 | D        | Round 3.
   326 | D        | Reached XP level 8. HP: 70/71 MP: 9/9
   345 | D        | Reached *** piety under Trog
   362 | D        | Noticed a wind drake
   375 | D        | Killed a wind drake
   375 | D        | Received a gift from Trog
   382 | D        | Noticed an air elemental
   389 | D        | Killed an air elemental
   389 | D        | Arena points: 134 (+84) [x4]
   442 | D        | Round 4.
   444 | D        | Noticed a hippogriff
   445 | D        | Noticed a merfolk siren
   452 | D        | Noticed a merfolk
   454 | D        | Killed a hippogriff
   454 | D        | Reached skill level 10 in Fighting
   454 | D        | Reached skill level 10 in Long Blades
   454 | D        | Reached skill level 10 in Shields
   454 | D        | Reached XP level 9. HP: 16/78 MP: 10/10
   457 | D        | Killed a merfolk siren
   457 | D        | Reached **** piety under Trog
   460 | D        | Noticed a merfolk
   461 | D        | Noticed a merfolk siren
   473 | D        | Killed a merfolk
   473 | D        | Received a gift from Trog
   477 | D        | Mangled by a merfolk

Skill      XL: |  1  2  3  4  5  6  7  8  9 |
---------------+----------------------------+-----
Fighting       | 4 6 7 9 10 | 10.5
Long Blades    | 3 5 7 8 10 11 | 11.2
Throwing       | 2 4 5 7 8 9 |  9.5
Armour         | 5 8 10 11 | 11.5
Shields        | 4 6 7 8 9 10 | 10.7
Dodging        | 1 2 3 4 |  4.8
Evocations     | 1 2 |  2.4

Action                   |  1- 3 |  4- 6 |  7- 9 || total
-------------------------+-------+-------+-------++-------
Melee: Long sword        |    20 |    19 |    68 ||   107
Throw: Tomahawk          |       |       |     3 ||     3
Invok: Trog's Hand       |       |       |     3 ||     3
       Berserk           |       |       |     1 ||     1
Evoke: Wand              |     1 |     1 |     2 ||     4
  Use: Potion            |     2 |       |     1 ||     3
Armor: Scale mail        |     5 |     2 |    17 ||    24
Dodge: Dodged            |     9 |     5 |    19 ||    33
Block: Shield            |    12 |     9 |    45 ||    66
       Rpst.: Long sword |     3 |     3 |     9 ||    15
